 Dungeon Crawl Stone Soup version 0.29.1-15-g9cfb28693d (webtiles) character file.

Game seed: 18296397389343962549

5681 ThatPearl the Fighter (level 10, 0/86 HPs)
             Began as a Demonspawn Berserker on Mar 11, 2023.
             Was a High Priest of Trog.
             Slain by a hornet (8 damage)
             ... while paralysed by a hornet
             ... on level 8 of the Dungeon.
             The game lasted 00:17:26 (7703 turns).

ThatPearl the Fighter (Demonspawn Berserker)        Turns: 7703, Time: 00:17:27

Health: 0/86       AC: 11    Str: 20    XL:     10   Next: 47%
Magic:  10/10      EV:  2    Int:  9    God:    Trog [*****.]
Gold:   109        SH:  0    Dex: 14    Spells: 9/9 levels left

rFire   . . .      SeeInvis .   G - +0 battleaxe (vorpal)
rCold   . . .      Faith    .   (shield currently unavailable)
rNeg    . . .      Spirit   .   p - quicksilver dragon scales
rPois   .          Reflect  +   (helmet restricted)
rElec   .          Harm     .   (no cloak)
rCorr   .          Rampage  .   (gloves unavailable)
Will    +....                   (no boots)
Stlth   +.........              w - amulet of reflection
HPRegen 0.24/turn               (no ring)
MPRegen 0.12/turn               (no ring)

@: paralysed, lethally poisoned (0 -> -4), slowed
A: antennae 2, hooves 1, powered by death 2, demonic touch 3
a: Renounce Religion, Berserk, Trog's Hand, Brothers in Arms


You were on level 8 of the Dungeon.
You worshipped Trog.
Trog was extremely pleased with you.
You visited 1 branch of the dungeon, and saw 8 of its levels.

You collected 419 gold pieces.
You spent 310 gold pieces at shops.

Inventory:

Hand Weapons
 g - a +0 sling
 n - a +0 spear
 o - a +0 war axe
 G - a +0 vorpal battleaxe (weapon)
Missiles
 m - 38 stones (quivered)
 x - 2 poisoned darts
 A - 3 throwing nets
Armour
 p - quicksilver dragon scales (worn)
 v - a +0 helmet
 C - a +0 kite shield
Jewellery
 w - an amulet of reflection (around neck)
Wands
 u - a wand of roots (16)
Scrolls
 a - 3 scrolls of enchant armour {unknown}
 b - a scroll of vulnerability {unknown}
 d - 2 scrolls of noise {unknown}
 f - a scroll of identify
 i - a scroll of torment {unknown}
 j - 2 scrolls of brand weapon {unknown}
 l - a scroll of blinking {unknown}
 q - a scroll of amnesia {unknown}
 r - a scroll of immolation {unknown}
 t - 4 scrolls of teleportation {unknown}
 y - a scroll of fear {unknown}
 E - a scroll of enchant weapon {unknown}
 F - a scroll of poison {unknown}
Potions
 c - 2 potions of lignification
 e - 2 potions of heal wounds
 h - a potion of invisibility {unknown}
 k - a potion of magic
 s - a potion of haste
 B - a potion of ambrosia
 D - a potion of mutation {unknown}
Miscellaneous
 H - a lightning rod (4/4)


   Skills:
 + Level 10.5 Fighting
 + Level 9.6 Axes
 + Level 6.5 Armour
 - Level 2.1 Dodging


You had 9 spell levels left.
You didn't know any spells.
Your spell library was empty.

Dungeon Overview and Level Annotations

Branches:
Dungeon (8/15)             Temple (0/1) D:4
   Lair: D:8-11

Altars:
Uskayaw
Vehumet
Yredelemnul

Shops:
D:4 **(=   D:5 ?=(?

Annotations:
D:4 1 runed translucent door


Innate Abilities, Weirdness & Mutations

You have a pair of antennae on your head.
You have large cloven feet.
You regenerate health from kills.
Your touch may irresistibly damage your foes and sap their willpower.


Message History

The hornet stings you but does no damage.
You completely miss the hornet. You kick the hornet, but do no damage.
The hornet is moderately wounded.
You feel extremely sick. The hornet barely misses you.
You block the hornet's attack. The hornet closely misses you.
You slash the hornet! Your kick misses the hornet.
The hornet is severely wounded.
You feel yourself speed up.
You feel very sick. The hornet stings you!
You are more poisoned.
You feel yourself slow down.
The hornet stings you but does no damage.
The hornet stings you!
* * * LOW HITPOINT WARNING * * *
You are lethally poisoned!
You feel as though you will be slow longer.
You feel better. The hornet stings you.
* * * LOW HITPOINT WARNING * * *
You are poisoned.
You feel as though you will be slow longer.
The hornet stings you.
* * * LOW HITPOINT WARNING * * *
You feel as though you will be slow longer.
Aiming: Fastroot
Press: ? - help, Shift-Dir - straight line The roots erupt in riotous growth!
Roots grab the hornet.
The grasping roots constrict the hornet.
You feel very sick. The hornet stings you.
* * * LOW HITPOINT WARNING * * *
You suddenly lose the ability to move!
The hornet stings you but does no damage.
The grasping roots constrict the hornet.
You feel sick.
The hornet stings you but does no damage.
The hornet stings you!
You die...

.....#
#..#
.....#
#.##
...!##
##.##
....###
###...##
).....#
#......#
$.....+
#......#
......#
#......#
......#
#...$..#
......#
#...@..#
......#
#...y..#
......#
#......#
.##..##
###...##
+# ..#
#.... .#
....
#....#
.# ...
+...##
.+ #...#
.#


You could see a hornet (rooted).

Vanquished Creatures
  A two-headed ogre (D:8)
  The ghost of Andrakon the Trooper, an amateur DsFi (D:4)
  A hornet (D:8)
  The ghost of Ape3scape the Stinger, a novice TeVM of the Shining One (D:5)
  Grinder (D:3)
  An acid dragon (D:8)
  3 swamp worms (D:7)
  7 water moccasins
  3 orc warriors
  3 ice beasts
  3 ogres
  4 centaurs
  A phantom (D:6)
  A kobold brigand (D:8)
  A gnoll sergeant (D:6)
  4 bullfrogs
  6 scorpions
  5 killer bees (D:7)
  A jelly (D:3)
  An orc priest (D:3)
  6 hounds
  2 bullfrog skeletons (D:5)
  A centaur skeleton (D:5)
  A gnoll bouda (D:5)
  2 iguanas
  6 orc wizards
  A mummy (D:5)
  Robin (D:3)
  13 gnolls
  A river rat (D:4)
  8 adders
  2 white imps
  2 ufetubi (D:6)
  4 worms
  7 dart slugs
  26 orcs
  9 ball pythons
  9 bats
  5 endoplasms
  7 giant cockroaches
  14 goblins
  9 hobgoblins
  16 kobolds
  5 quokkas
  9 frilled lizards
  4 rats
219 creatures vanquished.

Vanquished Creatures (others)
  4 plants (D:7)
4 creatures vanquished.

Grand Total: 223 creatures vanquished

Notes
Turn   | Place    | Note
-------+----------+-------------------------------------------
     0 | D:1      | ThatPearl the Demonspawn Berserker began the quest for the
                  | Orb.
     0 | D:1      | Reached XP level 1. HP: 18/18 MP: 1/1
   252 | D:1      | Gained mutation: You regenerate a little health from kills.
                  | [demonic ancestry]
   252 | D:1      | Reached XP level 2. HP: 17/24 MP: 2/2
   729 | D:1      | Found a faded altar of an unknown god.
   853 | D:1      | Reached ** piety under Trog
   932 | D:1      | Discovered your monstrous ancestry.
   932 | D:1      | Gained mutation: You have large cloven feet. [demonic
                  | ancestry]
   932 | D:1      | Reached XP level 3. HP: 23/29 MP: 3/3
  2140 | D:2      | Reached skill level 4 in Fighting
  2265 | D:2      | Reached XP level 4. HP: 32/37 MP: 4/4
  2440 | D:2      | Found a basalt altar of Yredelemnul.
  2818 | D:3      | Noticed Grinder
  2841 | D:3      | Killed Grinder
  2842 | D:3      | Reached skill level 5 in Fighting
  2842 | D:3      | Gained mutation: Your touch may inflict minor irresistible
                  | damage on your foes. [demonic ancestry]
  2842 | D:3      | Reached XP level 5. HP: 24/44 MP: 5/5
  3016 | D:3      | Gained mutation: You regenerate health from kills. [demonic
                  | ancestry]
  3016 | D:3      | Reached XP level 6. HP: 51/51 MP: 6/6
  3383 | D:3      | Noticed a +0 hand axe
  3384 | D:3      | Found a hide-covered altar of Uskayaw.
  3384 | D:3      | Noticed a +0 hand axe
  3425 | D:3      | Reached skill level 5 in Axes
  3480 | D:3      | Noticed Robin
  3484 | D:3      | Reached *** piety under Trog
  3490 | D:3      | Killed Robin
  3654 | D:4      | Found Dyleaz's Assorted Antiques.
  3663 | D:4      | Bought a dented cameo amulet for 120 gold pieces
  3701 | D:4      | Found a radiant altar of Vehumet.
  3723 | D:4      | Found Ceiqusi's Assorted Antiques.
  3804 | D:4      | Found a staircase to the Ecumenical Temple.
  3818 | D:4      | You fall into a shaft and drop 3 floors!
  3823 | D:7      | Noticed a water moccasin
  3824 | D:7      | Noticed a water moccasin
  3827 | D:7      | Killed a water moccasin
  3828 | D:7      | Reached skill level 6 in Fighting
  3828 | D:7      | Gained mutation: Your touch may inflict irresistible damage
                  | on your foes. [demonic ancestry]
  3828 | D:7      | Reached XP level 7. HP: 58/58 MP: 7/7
  4011 | D:7      | Reached skill level 7 in Fighting
  4046 | D:6      | Gained mutation: Your touch may irresistibly damage your
                  | foes and sap their willpower. [demonic ancestry]
  4046 | D:6      | Reached XP level 8. HP: 60/67 MP: 8/8
  4201 | D:5      | Entered Level 5 of the Dungeon
  4252 | D:5      | Found Tuba's Jewellery Shoppe.
  4393 | D:4      | Found Ommu's Weapon Emporium.
  4410 | D:4      | Reached skill level 8 in Fighting
  4470 | D:4      | Found Pesyjif's Jewellery Shop.
  4483 | D:4      | Reached **** piety under Trog
  4670 | D:4      | Found a runed translucent door.
  4673 | D:4      | Noticed Andrakon's ghost (amateur DsFi)
  4968 | D:4      | Found a runed translucent door.
  5119 | D:4      | Killed Andrakon's ghost
  5288 | D:5      | Found Doeppom's Antique Weapon Shoppe.
  5326 | D:5      | Found Tew Siagh's Magic Scroll Emporium.
  5378 | D:5      | Found a transporter.
  5378 | D:5      | Noticed Ape3scape's ghost (novice TeVM)
  5430 | D:5      | Gained mutation: You have a pair of small antennae on your
                  | head. [demonic ancestry]
  5430 | D:5      | Reached XP level 9. HP: 55/75 MP: 9/9
  5700 | D:5      | Found a transporter.
  5812 | D:5      | Found Veypn's Magic Scroll Boutique.
  5953 | D:5      | Killed Ape3scape's ghost
  5966 | D:5      | Reached skill level 9 in Fighting
  6111 | D:5      | Reached ***** piety under Trog
  6603 | D:7      | Reached skill level 5 in Armour
  6789 | D:5      | Bought a glowing battleaxe for 190 gold pieces
  6990 | D:7      | Identified the +8 falchion of Equilibrium {vorpal, Fly
                  | rPois rF- Str+5}
  7070 | D:7      | Gained mutation: You have a pair of antennae on your head.
                  | [demonic ancestry]
  7070 | D:7      | Reached XP level 10. HP: 85/85 MP: 10/10
  7101 | D:7      | Reached skill level 10 in Fighting
  7603 | D:8      | Noticed a two-headed ogre
  7610 | D:8      | Killed a two-headed ogre
  7702 | D:8      | Paralysed by a hornet for 2 turns
  7703 | D:8      | Slain by a hornet

Illustrated notes

Levels and vault maps discovered:
D:1:      scummos_arrival_gate, layout_loops_corners,
          hellmonk_ecumenical_altar_arch_garden, chequers_serial_rivers_large_a
D:2:      layout_loops_ring, basic_altar
D:3:      layout_loops_ring, dancing_weapons_uskayaw, uniq_robin, uniq_grinder
D:4:      cheibrodos_quashed, layout_loops_cross,
          mainiacjoe_overflow_tiny_flanked, temple_pool_b, serial_shops,
          nicolae_lakefront_shop, nicolae_shop_stone,
          nicolae_shop_bloodbath_and_beyond, nicolae_inconvenience_store,
          ebering_ghost_sewer_f
D:5:      layout_loops_ring, mainiacjoe_overflow_surrounded_room,
          gammafunk_ghost_mausoleum, serial_shops,
          nicolae_shop_competitors_out_of_business,
          nicolae_shop_temple_entry_statues_fountains, shop,
          nicolae_shop_advertising_works [nicolae_subvault_shop_adworks],
          solitary_fountain
D:6:      layout_rooms, minmay_misc_feat_diagonals
D:7:      layout_rooms, worms_lemuel
D:8:      layout_gridville, kennysheep_mini_moat, wad_rectangle_vault

Skill      XL: |  1  2  3  4  5  6  7  8  9 10 |
---------------+-------------------------------+-----
Axes           | 3 4 5 6 7 9 |  9.6
Fighting       | 4 5 6 7 8 9 10 | 10.5
Dodging        | 2 |  2.1
Armour         | 3 5 6 |  6.5

Action                   |  1- 3 |  4- 6 |  7- 9 | 10-12 || total
-------------------------+-------+-------+-------+-------++-------
Melee: Hand axe          |   136 |       |       |       ||   136
       Punch             |     1 |       |     4 |       ||     5
       Kick              |    12 |    24 |    74 |    20 ||   130
       War axe           |     9 |    92 |   259 |       ||   360
       Touch             |       |    12 |    44 |       ||    56
       Battleaxe         |       |       |    24 |    67 ||    91
Invok: Berserk           |       |     2 |     3 |     1 ||     6
       Trog's Hand       |       |     1 |       |       ||     1
Evoke: Wand              |       |       |       |     1 ||     1
  Use: Potion            |       |       |     2 |     2 ||     4
       Scroll            |       |       |     6 |       ||     6
 Stab: Sleeping          |     1 |     2 |       |       ||     3
Armor: Animal skin       |    46 |     7 |       |       ||    53
       Quicksilver drago |       |    19 |   112 |    18 ||   149
Dodge: Dodged            |   109 |    63 |   172 |    52 ||   396
Block: Other             |       |     5 |    55 |    22 ||    82
       Reflection        |       |     1 |     2 |     1 ||     4
